 Dungeon Crawl Stone Soup version 0.27-a0-32-g443bf2d2ca (webtiles) character file.

Game seed: 15368844211122227423

2543315 DocSulfur the Ninja (level 27, 159/159 HPs)
             Began as a Kobold Enchanter on Jan 4, 2021.
             Was the Champion of Dithmenos.
             Escaped with the Orb
             ... and 5 runes on Jan 5, 2021!
             The game lasted 11:56:31 (102684 turns).

DocSulfur the Ninja (Kobold Enchanter)            Turns: 102684, Time: 11:56:31

Health: 159/159    AC: 21    Str: 14    XL:     27
Magic:  44/44      EV: 35    Int: 34    God:    Dithmenos [******]
Gold:   6031       SH: 16    Dex: 29    Spells: 15/50 levels left

rFire    + . .     SeeInvis +   K - +7 rapier of the Philosopher {vorpal, rC+ Int+10}
rCold    + . .     Faith    .   i - +3 buckler {AC+3}
rNeg     + . .     Spirit   .   h - +5 ring mail "Jeup" {rF+ Will- Str+2 Dex+3}
rPois    .         Reflect  +   X - +1 hat of the Stone Wall {Rampage rN+ Str+5}
rElec    +         Harm     .   v - +1 cloak of Conscience {rCorr MP+9 Int+4}
rCorr    +         Rampage  +   V - +0 pair of fencer's gloves {Riposte Dex+3}
Will     .....     Clarity  +   d - +0 pair of boots
Stlth    +++++++...             f - amulet "Kyuskeb" {Reflect rElec Will- Dex-2 Slay+5 SH+5}
HPRegen  0.36/turn              I - +4 ring of slaying
MPRegen  0.29/turn              w - ring of see invisible

@: wreathed by umbra, studying Evocations
A: small, claws 1, clarity, clever 1, deterioration 1, frail 1, low mp 1,
nightstalker 3, wild magic 1
0: Orb of Zot
}: 5/15 runes: decaying, serpentine, slimy, silver, abyssal
a: Renounce Religion, Shadow Step, Shadow Form


You escaped.
You worshipped Dithmenos.
Dithmenos was exalted by your worship.
You visited 12 branches of the dungeon, and saw 56 of its levels.
You visited the Abyss 4 times.
You also visited: Trove, Ossuary and Volcano.

You collected 10499 gold pieces.
You spent 4468 gold pieces at shops.

Inventory:

Hand Weapons
 K - the +7 rapier of the Philosopher (weapon) {vorpal, rC+ Int+10}
   (You acquired it on level 3 of the Depths)

   It inflicts extra damage upon your enemies.
   It affects your intelligence (+10).
   It protects you from cold.
Missiles
 x - 9 boomerangs of dispersal
 H - 2 throwing nets (quivered)
 P - 22 curare-tipped darts
 T - 18 atropa-tipped darts
Armour
 d - a +0 pair of boots (worn)
 h - the +5 ring mail "Jeup" (worn) {rF+ Will- Str+2 Dex+3}
   (You found it on level 3 of the Lair of Beasts)

   It affects your strength (+2).
   It affects your dexterity (+3).
   It protects you from fire.
   It affects your willpower, your defense against some magical effects.
 i - a +3 buckler of protection (worn)
 u - the +1 cloak of Watchfulness {rC+ Int+2}
   (You took it off a draconian monk on level 5 of the Realm of Zot)

   It affects your intelligence (+2).
   It protects you from cold.
 v - the +1 cloak of Conscience (worn) {rCorr MP+9 Int+4}
   (You took it off a draconian monk on level 5 of the Realm of Zot)

   It affects your intelligence (+4).
   It affects your magic capacity (+9).
   It provides partial protection from all sources of acid and corrosion.
 V - the +0 pair of fencer's gloves (worn) {Riposte Dex+3}
   (You found it on level 3 of the Depths)

   It affects your dexterity (+3).
 X - the +1 hat of the Stone Wall (worn) {Rampage rN+ Str+5}
   (You found it on level 3 of the Depths)

   It affects your strength (+5).
   It protects you from negative energy.
   It bestows one free step when moving towards enemies.
Jewellery
 a - the amulet of Ehuichas {rPois rN+ Regen+ Stlth+}
   (You found it on level 3 of the Elven Halls)

   [amulet of regeneration]

   It protects you from poison.
   It protects you from negative energy.
   It increases your rate of regeneration.
   It makes you more stealthy.
 e - an uncursed ring of stealth
 f - the amulet "Kyuskeb" (around neck) {Reflect rElec Will- Dex-2 Slay+5 SH+5}
   (You bought it in a shop on level 2 of the Depths)

   [amulet of reflection]

   It shields you and reflects attacks.
   It affects your dexterity (-2).
   It affects your accuracy and damage with ranged weapons and melee attacks
   (+5).
   It insulates you from electricity.
   It affects your willpower, your defense against some magical effects.
   It affects your SH (+5).
 w - a ring of see invisible (right hand)
 I - a +4 ring of slaying (left hand)
 Q - an uncursed ring of flight
 S - the ring "Runwaps" {rC+ AC+4 Str+2}
   (You found it on level 5 of the Depths)

   [ring of protection]

   It affects your AC (+4).
   It affects your strength (+2).
   It protects you from cold.
 U - an uncursed ring of positive energy
 Y - the ring of Tuirol {Wiz *Corrode rF+ Will+ Dex+5}
   (You found it on level 5 of the Depths)

   [ring of wizardry]

   It improves your spell success rate.
   It affects your dexterity (+5).
   It protects you from fire.
   It affects your willpower, your defense against some magical effects.
   It may corrode you when you take damage.
Wands
 k - a wand of acid (22)
 B - a wand of paralysis (26)
 E - a wand of digging (17)
Scrolls
 n - 14 scrolls of teleportation
 p - a scroll of holy word
 s - 3 scrolls of vulnerability
 y - 6 scrolls of blinking
 z - 9 scrolls of magic mapping
 G - 21 scrolls of remove curse
 L - 5 scrolls of enchant armour
 M - 40 scrolls of identify
 N - 12 scrolls of fog
 W - 5 scrolls of summoning
Potions
 b - 9 potions of lignification
 c - 31 potions of curing
 g - 5 potions of mutation
 j - a potion of heal wounds
 l - 13 potions of magic
 q - 7 potions of cancellation
 t - 9 potions of brilliance
 C - 6 potions of haste
 O - 8 potions of might
 R - a potion of ambrosia
 Z - a potion of resistance
Books
 m - a manual of Evocations
Miscellaneous
 o - a box of beasts
 r - a condenser vane
 A - a phial of floods
 D - a tin of tremorstones (2/2)
 F - a phantom mirror


   Skills:
 - Level 19.6 Fighting
 O Level 27 Short Blades
 * Level 21.2 Throwing
 - Level 10.0 Armour
 + Level 21.8 Dodging
 O Level 27 Stealth
 - Level 5.6 Shields
 - Level 12.0 Spellcasting
 - Level 5.0 Conjurations
 - Level 16.0 Hexes
 - Level 8.0 Translocations
 - Level 9.0 Transmutations
 - Level 5.0 Ice Magic
 - Level 9.0 Poison Magic
 - Level 12.0 Invocations
 + Level 14.4 Evocations


You had 15 spell levels left.
You knew the following spells:

 Your Spells              Type           Power        Failure   Level
a - Corona                Hex            100%         1%          1
b - Ensorcelled Hibernat  Hex/Ice        100%         1%          2
c - Confusing Touch       Hex            100%         1%          3
d - Tukima's Dance        Hex            100%         1%          3
e - Dazzling Flash        Conj/Hex       100%         1%          3
f - Invisibility          Hex            100%         1%          6
g - Passage of Golubria   Tloc           N/A          2%          4
h - Alistair's Intoxicat  Tmut/Pois      54%          4%          5
i - Ozocubu's Armour      Ice            63%          2%          3
j - Yara's Violent Unrav  Hex/Tmut       47%          1%          5

Your spell library contained the following spells:

 Spells                   Type           Power        Failure   Level
 Apportation              Tloc           100%         1%          1
 Beastly Appendage        Tmut           100%         1%          1
 Freeze                   Ice            100%         1%          1
 Sting                    Tmut/Pois      100%         1%          1
 Passwall                 Tmut/Erth      50%          1%          2
 Poisonous Vapours        Pois/Air       100%         1%          2
 Slow                     Hex            100%         1%          2
 Wereblood                Tmut           82%          1%          2
 Gell's Gravitas          Tloc           38%          1%          3
 Ignite Poison            Fire/Tmut/Pois 68%          1%          3
 Inner Flame              Hex/Fire       77%          1%          3
 Portal Projectile        Hex/Tloc       100%         1%          3
 Spider Form              Tmut/Pois      41%          1%          3
 Summon Guardian Golem    Hex/Summ       77%          1%          3
 Teleport Other           Tloc           77%          1%          3
 Cause Fear               Hex            53%          1%          4
 Olgreb's Toxic Radiance  Pois           82%          1%          4
 Foxfire                  Conj/Fire      100%         2%          1
 Frozen Ramparts          Ice            100%         2%          3
 Leda's Liquefaction      Hex/Erth       38%          2%          4
 Metabolic Englaciation   Hex/Ice        43%          2%          5
 Mephitic Cloud           Conj/Pois/Air  61%          3%          3
 Ice Form                 Ice/Tmut       73%          3%          4
 Blade Hands              Tmut           41%          4%          5
 Animate Skeleton         Necr           52%          6%          1
 Pain                     Necr           100%         6%          1
 Sandblast                Erth           52%          6%          1
 Summon Small Mammal      Summ           100%         6%          1
 Summon Mana Viper        Hex/Summ       77%          6%          5
 Conjure Flame            Conj/Fire      48%          7%          3
 Stone Arrow              Conj/Erth      96%          7%          3
 Hailstorm                Conj/Ice       63%          8%          4
 Call Imp                 Summ           26%          9%          2
 Corpse Rot               Necr/Air       N/A          9%          2
 Sublimation of Blood     Necr           13%          9%          2
 Swiftness                Air            26%          9%          2
 Petrify                  Tmut/Erth      60%          10%         4
 Irradiate                Conj/Tmut      36%          10%         5
 Call Canine Familiar     Summ           26%          16%         3
 Vampiric Draining        Necr           13%          16%         3
 Sticky Flame             Conj/Fire      48%          19%         4
 Summon Ice Beast         Ice/Summ       48%          19%         4
 Iskenderun's Battlesphe  Conj           63%          19%         5
 Eringya's Noxious Bog    Tmut/Pois      41%          21%         6
 Hydra Form               Tmut           41%          21%         6
 Summon Forest            Summ/Tloc      29%          28%         5
 Dispersal                Tloc           38%          30%         6
 Animate Dead             Necr           13%          45%         4
 Dispel Undead            Necr           26%          45%         4
 Summon Lightning Spire   Summ/Air       26%          45%         4
 Fireball                 Conj/Fire      24%          45%         5
 Lightning Bolt           Conj/Air       24%          45%         5
 Bolt of Magma            Conj/Fire/Erth 20%          56%         5
 Ozocubu's Refrigeration  Ice            31%          67%         6
 Dragon Form              Tmut           41%          69%         7
 Statue Form              Tmut/Erth      40%          73%         6
 Agony                    Necr           26%          78%         5
 Borgnjor's Vile Clutch   Necr/Erth      13%          78%         5
 Lee's Rapid Deconstruct  Erth           13%          78%         5
 Freezing Cloud           Conj/Ice/Air   27%          88%         6
 Iron Shot                Conj/Erth      24%          94%         6
 Simulacrum               Ice/Necr       24%          94%         6
 Orb of Destruction       Conj           31%          99%         7
 Shadow Creatures         Summ           N/A          100%        6
 Malign Gateway           Summ/Tloc      29%          100%        7
 Monstrous Menagerie      Summ           13%          100%        7
 Spellforged Servitor     Conj/Summ      24%          100%        7
 Summon Greater Demon     Summ           13%          100%        7
 Summon Hydra             Summ           13%          100%        7
 Disjunction              Tloc           38%          100%        8
 Summon Horrible Things   Summ           13%          100%        8
 Dragon's Call            Summ           13%          100%        9
 Shatter                  Erth           13%          100%        9


Dungeon Overview and Level Annotations

Branches:
Dungeon (15/15)            Temple (1/1) D:6            Lair (6/6) D:9
  Swamp (4/4) Lair:4        Snake (4/4) Lair:3        Slime (5/5) Lair:5
    Orc (2/2) D:11            Elf (3/3) Orc:2        Vaults (5/5) D:14
  Crypt (0/3) Vaults:3     Depths (5/5) D:15           Hell (visited)
    Zot (5/5) Depths:5    Ossuary (visited)         Volcano (visited)
    Dis: Hell:1         Geh: Hell:1         Coc: Hell:1         Tar: Hell:1

Altars:
Ashenzari
Cheibriados
Dithmenos
Elyvilon
Fedhas
Gozag
Hepliaklqana
Kikubaaqudgha
Makhleb
Nemelex Xobeh
Okawaru
Qazlal
Ru
Sif Muna
Trog
Uskayaw
Vehumet
Wu Jian
Xom
Yredelemnul
Zin
The Shining One
Beogh
Jiyva
Lugonu

Shops:
D:4 :   D:5 *   D:8 :   Orc:2 ==*?   Elf:1 *=   Elf:2 }   Elf:3 ((
Snake:3 !?==   Vaults:1 *   Vaults:2 !   Depths:2 }=}   Depths:4 [

Portals:
Hell: Depths:1 Depths:2 Depths:3 Depths:4 Depths:5
Abyss: Slime:2 Depths:1 Depths:4
Pandemonium: Depths:3
Ziggurat: Depths:1

Annotations:
D:1 Terence
Snake:4 1 exclusion


Innate Abilities, Weirdness & Mutations

You are small and have problems with some larger weapons.
You are completely attuned to the shadows.
You have sharp fingernails.
You possess an exceptional clarity of mind.
Your mind is acute. (Int +2)
Your body sometimes deteriorates upon taking damage.
You are frail. (-10% HP)
Your magical capacity is low. (-10% MP)
Your spells are a little harder to cast, but a little more powerful.


Message History

The throwing net disappears in a puff of smoke!
The Tzitzimitl struggles against the net.
The Tzitzimitl struggles against the net.
You impale the Tzitzimitl!!
The Tzitzimitl is moderately wounded.
Your shadow hits the Tzitzimitl but does no damage.
The Tzitzimitl struggles against the net.
You strike the helpless Tzitzimitl from behind!
You perforate the Tzitzimitl like a sieve!!!!
You kill the Tzitzimitl!
Dithmenos accepts your kill.
H - 2 throwing nets (gained 1) Evoke which item? (* to show all) (? for menu, Esc to quit)
Aiming: Dig
Press: ? - help, Shift-Dir - straight line A rock wall.
This square is wreathed by an umbra and is covered in magical glow.
The rock shatters into small pieces.
There is a staircase leading out of the dungeon here.
You have escaped!

## #...#.#.###..########.......
.######..........................
.....##..###############.........
..##.##'##.............##+#######
..####..........⌠..........###
..##...⌠.................⌠...##
.#.........⌠.........⌠........##
.#......................(......#
.#...⌠..........@..........⌠...#
.#.............................#
.##........⌠.........⌠........##
.###...⌠.................⌠...####
.# ###..........⌠..........###...
##########.............#######.##
.....# ###############.#.....#
####.# #.#.###### #.# #....#....


There were no monsters in sight!

Vanquished Creatures
  the Royal Jelly (Slime:5)
  Dissolution (Slime:3)
  6 orbs of fire
  The ghost of hidenotslide the Impregnable, a legendary NaBe of Trog (Zot:5)
  11 ancient liches
  3 juggernauts (Depths:5)
  Bai Suzhen (Snake:4)
  2 shard shrikes (Zot:3)
  Saint Roka (Snake:4)
  5 Killer Klowns (Zot:5)
  A curse toe (Zot:5)
  2 caustic shrikes
  Nikola (Swamp:4)
  11 golden dragons
  2 bone dragons
  6 electric golems
  2 Tzitzimimeh
  7 liches
  A Hell Sentinel (Abyss:1)
  2 Ice Fiends
  19 tentacled monstrosities
  Jorgrun (Swamp:2)
  26 Orb Guardians
  5 titans
  7 tentacled starspawn
  3 deep elf blademasters
  9 death cobs
  5 quicksilver dragons
  17 acid blobs
  3 sphinxes
  A deep elf master archer (Elf:3)
  The ghost of Eppall the Grappler, an adept TrFi of Ru (Snake:2)
  13 storm dragons
  Kirke (D:14)
  12 shadow dragons
  2 thorn hunters
  12 draconian monks
  6 tengu reavers
  Roxanne (D:15)
  11 azure jellies
  17 deep elf sorcerers
  6 ghost moths
  12 fire giants
  3 iron dragons
  9 nagarajas
  18 frost giants
  An orc warlord (Orc:2)
  6 draconian scorchers
  9 draconian knights
  11 vault wardens
  Aizul (Snake:3)
  6 deep elf elementalists
  2 balrugs
  Louise (D:15)
  A curse skull (Depths:3)
  7 draconian shifters
  An angel (Abyss:3)
  5 draconian stormcallers
  A cacodemon (Abyss:1)
  8 draconian annihilators
  19 stone giants
  3 war gargoyles (Vaults:5)
  21 very ugly things
  5 green draconians
  6 bunyips
  12 ironheart preservers
  9 black draconians
  16 yellow draconians
  A dire elephant (D:15)
  Azrael (D:14)
  2 vampire knights
  15 deep elf annihilators
  8 deep elf demonologists
  10 red draconians
  8 white draconians
  8 spark wasps
  3 entropy weavers
  10 purple draconians
  A crystal guardian (Vaults:4)
  8 eleionomae
  14 ettins
  5 deep elf death magi
  5 death oozes (Slime:5)
  11 fire dragons
  A green death (Abyss:3)
  2 eidola (Abyss:3)
  An eleionoma (shapeshifter) (Vaults:5)
  2 shambling mangroves
  5 deep elf high priests
  15 yaktaur captains
  15 naga warriors
  8 boulder beetles
  16 great orbs of eyes
  16 ice dragons
  6 rakshasas
  36 vault guards
  10 centaur warriors
  3 spriggan air magi
  16 ogre magi
  3 ghost crabs
  Erica (D:10)
  14 hydras
  A hell beast (Depths:4)
  14 anacondas
  55 two-headed ogres
  2 vampire magi
  9 deep troll shamans
  A satyr (shapeshifter) (Vaults:5)
  5 tengu warriors
  15 alligators
  4 death knights
  2 merfolk aquamancers
  4 hell hogs (Abyss:3)
  2 orc high priests (Orc:1)
  6 thrashing horrors (Abyss:3)
  A titan zombie (Vaults:4)
  5 deep troll earth magi
  3 shock serpents (Snake:4)
  14 naga sharpshooters
  6 hell knights
  16 deep elf knights
  6 soul eaters (Depths:3)
  3 spriggan berserkers
  Sonja (D:11)
  4 sun demons
  9 skeletal warriors
  9 wretched stars
  4 iron trolls
  A shadow wraith (Vaults:3)
  6 glowing orange brains
  3 salamander mystics
  A cherub (D:4)
  4 sixfirhies (Abyss:3)
  2 goliath frogs (Swamp:1)
  21 deep trolls
  3 spriggan druids
  9 swamp dragons
  7 flayed ghosts
  An orange crystal statue (Depths:4)
  19 deep elf archers
  4 wizards
  2 spectral hydras (Swamp:4)
  An unseen horror (D:14)
  10 bog bodies
  16 starcursed masses
  A tengu zombie (Vaults:3)
  19 orc knights
  14 ironbrand convokers
  12 naga ritualists
  Pikel (D:5)
  6 phantasmal warriors
  6 harpies (Vaults:3)
  8 necromancers
  28 ugly things
  75 deep elf magi
  8 manticores
  15 salamanders
  13 mana vipers
  7 cyclopes
  3 oklob plants
  4 wolf spiders
  7 shining eyes
  A manticore (shapeshifter) (Vaults:5)
  14 orc sorcerers
  A salamander (shapeshifter) (Depths:3)
  9 will-o-the-wisps
  28 moths of wrath
  16 elephants
  4 worldbinders
  A fire giant skeleton (Vaults:4)
  4 guardian serpents
  2 rust devils
  26 naga magi
  43 black mambas
  2 apocalypse crabs (Abyss:3)
  An orange demon (Abyss:1)
  28 large abominations
  6 cane toads
  5 gargoyles
  13 vault sentinels
  2 cane toads (shapeshifter)
  5 smoke demons
  A yaktaur zombie (Vaults:3)
  4 kobold demonologists
  8 swamp worm zombies (Swamp:4)
  A hellion (Abyss:3)
  10 komodo dragons
  2 tormentors (Abyss:3)
  5 ancient zymes
  6 freezing wraiths
  2 efreet
  5 rime drakes
  49 yaktaurs
  An ice devil (Depths:3)
  2 red devils
  3 tengu conjurers
  A yaktaur skeleton (Vaults:4)
  2 meliai (shapeshifter)
  3 hellwings
  A merfolk (Depths:5)
  9 trolls
  3 polar bears
  3 meliai (D:13)
  A hornet (shapeshifter) (Depths:2)
  A jumping spider (Vaults:4)
  2 wind drakes (shapeshifter)
  A silent spectre (Depths:3)
  4 hydra zombies (Swamp:4)
  A jumping spider (shapeshifter) (D:13)
  14 hornets
  4 dream sheep (Lair:6)
  10 tyrant leeches
  A tengu simulacrum (Vaults:3)
  3 spectral swamp dragons (Swamp:4)
  17 blink frogs
  21 dancing weapons
  95 slime creatures
  12 raiju
  A stone giant simulacrum (Vaults:3)
  2 alligator zombies
  A dream sheep (shapeshifter) (Elf:2)
  A human simulacrum (Vaults:3)
  A redback (shapeshifter) (Vaults:3)
  8 wraiths
  Eustachio (D:6)
  2 redbacks (Vaults:4)
  4 wyverns
  A vampire (Abyss:3)
  8 water elementals
  2 tarantellas (shapeshifter)
  4 basilisks
  4 shadows
  13 spriggans
  2 tarantellas
  55 yaks
  8 ynoxinuls
  7 fire elementals
  2 humans (shapeshifter)
  6 fire bats (Volcano)
  A tyrant leech zombie (Swamp:1)
  7 golden eyes
  8 chaos spawn
  4 steam dragons
  Grum (D:11)
  5 neqoxecs
  Edmund (D:6)
  15 vampire mosquitoes
  9 swamp worms
  20 small abominations
  An elf simulacrum (Depths:4)
  15 wargs
  5 acid dragons
  A soldier ant (D:12)
  A spatial vortex (Abyss:3)
  42 nagas
  13 water moccasins
  An acid dragon (shapeshifter) (Abyss:2)
  6 hell hounds
  2 floating eyes (Depths:5)
  2 black bears
  45 orc warriors
  12 phantoms
  2 swamp drakes
  3 ice beasts
  8 sky beasts
  11 eyes of draining
  5 swamp dragon zombies
  A snapping turtle zombie (Abyss:3)
  8 boggarts
  3 necrophages
  8 wolves
  37 ogres
  30 centaurs
  A lemure (D:4)
  3 big kobolds
  23 bullfrogs
  4 earth elementals
  2 water moccasin zombies
  A wyvern skeleton (D:8)
  3 scorpions
  9 killer bees
  6 wights
  9 howler monkeys
  A manticore simulacrum (Abyss:3)
  8 lava snakes (Volcano)
  5 centaur zombies
  10 hounds
  8 quasits
  A bullfrog zombie (D:8)
  5 centaur skeletons
  17 orc priests
  3 jellies
  45 orc wizards
  Crazy Yiuf (D:2)
  2 bullfrog skeletons
  5 iron imps
  Jessica (D:2)
  Natasha (D:4)
  5 iguanas
  A spectral swamp drake (Swamp:4)
  12 worker ants
  4 big kobold zombies (Ossuary)
  A naga skeleton (Abyss:2)
  2 hound skeletons (D:5)
  2 mummies (Ossuary)
  3 howler monkey zombies
  8 gnolls
  A howler monkey skeleton (D:9)
  13 adders
  2 swamp drake zombies (Swamp:4)
  3 shadow imps
  7 white imps
  8 ufetubi
  5 adder zombies
  2 adder skeletons
  4 worms
  3 dart slugs
  4 leopard geckos
  141 orcs
  5 giant cockroaches
  4 gnoll zombies
  3 hobgoblins
  10 jackals
  8 quokkas
  A ball python (D:2)
  5 bats
  5 frilled lizards
  13 goblins
  4 hobgoblin zombies (Ossuary)
  21 kobolds
  3 kobold zombies (Ossuary)
  9 orc zombies (Ossuary)
  3 quokka skeletons (D:5)
  A quokka zombie (D:6)
  10 rats
  2 butterflies (Lair:2)
  2 lurking horrors
  2 starspawn tentacles
2757 creatures vanquished.

Vanquished Creatures (collateral kills)
  A two-headed ogre (D:11)
1 creature vanquished.

Vanquished Creatures (others)
  A ghost moth (Zot:2)
  A yellow draconian (Zot:3)
  2 ogre magi
  A deep elf knight (Vaults:4)
  A sixfirhy (Abyss:3)
  A naga mage (Snake:2)
  A yaktaur (Depths:1)
  A bloated husk (Swamp:4)
  A slime creature (Vaults:2)
  3 raiju (Abyss:3)
  A ynoxinul (Abyss:3)
  A fire bat (Abyss:3)
  5 humans
  A warg (Orc:1)
  An orc warrior (Vaults:4)
  A bullfrog (D:14)
  An iguana (D:14)
  2 orcs
  14 foxfires (Swamp:4)
  12 fungi
  36 plants
  18 starspawn tentacles
106 creatures vanquished.

Grand Total: 2864 creatures vanquished

Notes
Turn   | Place    | Note
-------+----------+-------------------------------------------
     0 | D:1      | DocSulfur the Kobold Enchanter began the quest for the Orb.
     0 | D:1      | Reached XP level 1. HP: 10/10 MP: 3/3
   639 | D:1      | Reached XP level 2. HP: 15/15 MP: 3/5
  1305 | D:2      | Noticed Terence
  1566 | D:2      | Learned a level 2 spell: Ensorcelled Hibernation
  1593 | D:2      | Found a shimmering altar of Xom.
  1605 | D:2      | Reached XP level 3. HP: 18/19 MP: 6/6
  1705 | D:2      | Noticed Jessica
  1707 | D:2      | Killed Jessica
  1708 | D:2      | Reached skill level 1 in Ice Magic
  1781 | D:2      | Found a runed translucent door.
  1784 | D:2      | Noticed Crazy Yiuf
  1811 | D:2      | Reached XP level 4. HP: 24/24 MP: 7/7
  1905 | D:2      | Found a blossoming altar of Fedhas.
  2307 | D:2      | Noticed a bullfrog
  2312 | D:2      | Killed a bullfrog
  2313 | D:2      | Reached XP level 5. HP: 21/28 MP: 0/9
  2317 | D:2      | Learned a level 3 spell: Confusing Touch
  2321 | D:2      | Learned a level 3 spell: Tukima's Dance
  2390 | D:2      | Found an opulent altar of Gozag.
  2909 | D:2      | Killed Crazy Yiuf
  3220 | D:3      | Reached XP level 6. HP: 32/32 MP: 6/10
  3351 | D:3      | Found a burning altar of Makhleb.
  3861 | D:3      | Found a basalt altar of Yredelemnul.
  4396 | D:4      | Reached skill level 5 in Short Blades
  4560 | D:4      | Got a pair of dazzling gloves
  4570 | D:4      | Identified the cursed +0 pair of gloves of Qitubby {rPois
                  | rF+ Will+ Dex-3} (You found it on level 4 of the Dungeon)
  4801 | D:4      | Reached XP level 7. HP: 36/36 MP: 12/12
  4805 | D:4      | Learned a level 3 spell: Dazzling Flash
  4816 | D:4      | Noticed Natasha
  4820 | D:4      | Killed Natasha
  5339 | D:4      | Found Cuna's Book Shop.
  5409 | D:5      | Entered Level 5 of the Dungeon
  5731 | D:5      | Noticed Pikel
  5756 | D:5      | Killed Pikel
  5757 | D:5      | Reached skill level 5 in Stealth
  5757 | D:5      | Reached XP level 8. HP: 12/41 MP: 12/14
  6625 | D:5      | Found a snail-covered altar of Cheibriados.
  6851 | D:5      | Reached skill level 1 in Throwing
  6851 | D:5      | Reached XP level 9. HP: 39/45 MP: 12/15
  6980 | D:5      | Found Fioqozxeaj's Assorted Antiques.
  7355 | D:6      | Found a staircase to the Ecumenical Temple.
  7357 | D:6      | Noticed Edmund
  7361 | D:6      | Killed Edmund
  7364 | Temple   | Entered the Ecumenical Temple
  7626 | D:6      | Found a sand-covered staircase.
  7633 | Ossuary  | Entered an ossuary
  9215 | D:7      | Reached skill level 10 in Stealth
  9338 | D:7      | Found a glowing silver altar of Zin.
  9365 | D:7      | Found a shadowy altar of Dithmenos.
  9366 | D:7      | Found a broken altar of Ashenzari.
  9371 | D:7      | Became a worshipper of Dithmenos the Shadowed
  9797 | D:6      | Noticed Eustachio
  9822 | D:6      | Killed Eustachio
  9823 | D:6      | Reached XP level 10. HP: 29/50 MP: 5/16
 10327 | D:6      | Gained mutation: You have sharp fingernails. [potion of
                  | mutation]
 10327 | D:6      | Gained mutation: Your mind is acute. (Int +2) [potion of
                  | mutation]
 10327 | D:6      | Gained mutation: Your spells are a little harder to cast,
                  | but a little more powerful. [potion of mutation]
 10637 | D:7      | Found a hide-covered altar of Uskayaw.
 10712 | D:7      | Reached skill level 1 in Fighting
 11160 | D:7      | Noticed a gargoyle
 11164 | D:7      | Killed a gargoyle
 11164 | D:7      | Reached * piety under Dithmenos
 11226 | D:7      | Found a shimmering blue altar of Sif Muna.
 11667 | D:8      | Reached skill level 5 in Ice Magic
 11987 | D:8      | Reached skill level 5 in Conjurations
 12211 | D:8      | Found Maqur's Book Boutique.
 12489 | D:8      | Reached ** piety under Dithmenos
 13077 | D:9      | Reached XP level 11. HP: 62/62 MP: 17/17
 13520 | D:9      | Noticed an eight-headed hydra
 13525 | D:9      | Killed an eight-headed hydra
 13526 | D:9      | Reached skill level 5 in Fighting
 13822 | D:9      | Noticed a brown ugly thing
 13860 | D:9      | Killed a brown ugly thing
 14005 | D:9      | Noticed a cyclops
 14340 | D:9      | Killed a cyclops
 14340 | D:9      | Reached *** piety under Dithmenos
 14344 | D:9      | Noticed a two-headed ogre
 14378 | D:9      | Killed a two-headed ogre
 14379 | D:9      | Reached skill level 10 in Short Blades
 14520 | D:9      | Noticed a manticore
 14534 | D:9      | Killed a manticore
 14791 | D:9      | Found a staircase to the Lair.
 15072 | D:10     | Entered Level 10 of the Dungeon
 15105 | D:10     | Noticed Erica
 15411 | D:10     | Reached skill level 5 in Spellcasting
 15474 | D:10     | Killed Erica
 15713 | D:10     | Reached XP level 12. HP: 64/72 MP: 17/20
 16215 | D:11     | Noticed Sonja
 16219 | D:11     | Killed Sonja
 16232 | D:11     | Reached **** piety under Dithmenos
 16245 | D:11     | Noticed a two-headed ogre
 16266 | D:11     | Noticed a two-headed ogre
 16565 | D:10     | Killed a two-headed ogre
 16777 | D:11     | Found a snail-covered altar of Cheibriados.
 16871 | D:11     | Found a staircase to the Orcish Mines.
 16975 | D:11     | Reached skill level 10 in Hexes
 17317 | D:11     | Noticed Grum
 17331 | D:11     | Killed Grum
 17549 | D:11     | Killed a two-headed ogre
 17941 | D:12     | Noticed a five-headed hydra
 17943 | D:12     | Killed a five-headed hydra
 18249 | D:12     | Noticed a four-headed hydra
 18253 | D:12     | Killed a four-headed hydra
 18254 | D:12     | Reached skill level 5 in Dodging
 18254 | D:12     | Reached XP level 13. HP: 82/82 MP: 22/22
 18366 | D:12     | Reached skill level 10 in Fighting
 18602 | D:13     | Noticed a centaur warrior
 18603 | D:13     | Killed a centaur warrior
 18633 | D:13     | Noticed a centaur warrior
 18638 | D:13     | Killed a centaur warrior
 19455 | D:13     | Noticed a boulder beetle
 19459 | D:13     | Killed a boulder beetle
 20270 | D:14     | Reached ***** piety under Dithmenos
 20415 | D:14     | Noticed a centaur warrior
 20420 | D:14     | Killed a centaur warrior
 20495 | D:14     | Noticed Kirke
 20504 | D:14     | Killed Kirke
 20505 | D:14     | Reached skill level 1 in Evocations
 20563 | D:14     | Reached XP level 14. HP: 88/88 MP: 23/23
 20859 | D:14     | Noticed Azrael
 20863 | D:14     | Killed Azrael
 21369 | D:14     | Noticed an ironheart preserver
 21736 | Lair:1   | Entered Level 1 of the Lair of Beasts
 23372 | D:8      | Bought a book of Burglary for 1050 gold pieces
 23379 | D:8      | Learned a level 6 spell: Invisibility
 23384 | D:8      | Learned a level 4 spell: Passage of Golubria
 23595 | Lair:2   | Found a dark tunnel.
 23602 | Volcano  | Entered a volcano
 23671 | Volcano  | Noticed a red draconian
 23675 | Volcano  | Killed a red draconian
 23685 | Volcano  | Reached skill level 1 in Translocations
 23696 | Volcano  | Found a radiant altar of Vehumet.
 23769 | Volcano  | Found a radiant altar of Vehumet.
 25473 | Lair:3   | Found a staircase to the Snake Pit.
 25807 | Lair:3   | Reached skill level 1 in Invocations
 26022 | Lair:3   | Got a dazzling ring mail
 26458 | Lair:4   | Reached skill level 5 in Evocations
 26685 | Lair:4   | Reached XP level 15. HP: 92/92 MP: 26/26
 26773 | Lair:4   | Found a staircase to the Swamp.
 26860 | Lair:4   | Reached skill level 10 in Dodging
 28283 | Lair:5   | Found a staircase to the Slime Pits.
 28467 | Lair:6   | Entered Level 6 of the Lair of Beasts
 28534 | Lair:6   | Reached skill level 5 in Invocations
 28912 | Lair:6   | Found a shimmering blue altar of Sif Muna.
 29026 | Lair:6   | Reached ****** piety under Dithmenos
 29096 | Lair:6   | Identified the +5 ring mail "Jeup" {rF+ Will- Str+2 Dex+3}
                  | (You found it on level 3 of the Lair of Beasts)
 30543 | Orc:1    | Entered Level 1 of the Orcish Mines
 30786 | Orc:2    | Entered Level 2 of the Orcish Mines
 31076 | Orc:2    | Found a staircase to the Elven Halls.
 31247 | Orc:2    | Found Wonepha's Jewellery Boutique.
 31250 | Orc:2    | Found Dimyqugg's Jewellery Shoppe.
 31381 | Orc:2    | Reached XP level 16. HP: 97/97 MP: 19/29
 31389 | Orc:2    | Reached skill level 5 in Translocations
 31396 | Orc:2    | Found a roughly hewn altar of Beogh.
 31547 | Orc:2    | Reached skill level 1 in Shields
 32691 | Orc:2    | Found Ylutoum's Magic Scroll Boutique.
 32692 | Orc:2    | Found Jyckud's General Store.
 32727 | Orc:2    | Bought a potion of heal wounds for 65 gold pieces
 32899 | Orc:2    | Bought a scroll of identify for 26 gold pieces
 32899 | Orc:2    | Bought a scroll of identify for 26 gold pieces
 32982 | Orc:2    | Bought 2 scrolls of identify for 52 gold pieces
 32982 | Orc:2    | Bought a scroll of teleportation for 39 gold pieces
 32982 | Orc:2    | Bought a scroll of blinking for 97 gold pieces
 33198 | Orc:1    | Reached skill level 10 in Spellcasting
 33273 | Orc:1    | Found a roughly hewn altar of Beogh.
 34194 | D:14     | Found a gate to the Vaults.
 35407 | D:15     | Entered Level 15 of the Dungeon
 35688 | D:15     | Noticed Louise
 35702 | D:15     | Killed Louise
 35985 | D:15     | Found a staircase to the Depths.
 36050 | D:15     | Reached skill level 15 in Stealth
 36173 | D:15     | Identified Roxanne's Disquisition on Transmigration
 36173 | D:15     | Noticed Roxanne
 36190 | D:15     | Killed Roxanne
 36766 | D:11     | Learned a level 5 spell: Alistair's Intoxication
 37157 | Swamp:1  | Entered Level 1 of the Swamp
 37735 | Swamp:1  | Reached skill level 1 in Poison Magic
 37791 | Swamp:1  | Reached skill level 1 in Transmutations
 37863 | Swamp:1  | Reached skill level 1 in Armour
 37863 | Swamp:1  | Reached XP level 17. HP: 102/102 MP: 31/31
 38729 | Swamp:2  | Noticed a thorn hunter
 38733 | Swamp:2  | Killed a thorn hunter
 38734 | Swamp:2  | Reached skill level 5 in Shields
 39286 | Swamp:2  | Reached skill level 10 in Invocations
 40123 | Swamp:2  | Noticed Jorgrun
 40137 | Swamp:2  | Killed Jorgrun
 40775 | Swamp:3  | Identified the +3 ring mail "Hocuoch" {*Slow rPois Str+3
                  | Dex+3} (You found it on level 3 of the Swamp)
 41273 | Swamp:4  | Entered Level 4 of the Swamp
 41381 | Swamp:4  | Noticed Nikola
 41406 | Swamp:4  | Killed Nikola
 42253 | Swamp:4  | Reached XP level 18. HP: 100/107 MP: 27/32
 43731 | Swamp:4  | Noticed a bone dragon
 43819 | Swamp:4  | Killed a bone dragon
 43820 | Swamp:4  | Reached skill level 5 in Transmutations
 43820 | Swamp:4  | Reached skill level 5 in Poison Magic
 44005 | Swamp:4  | Got a decaying rune of Zot
 45102 | Vaults:1 | Entered Level 1 of the Vaults
 45306 | Vaults:1 | Found Ivunowen's Assorted Antiques.
 47282 | Vaults:2 | Identified a scroll of acquirement
 47319 | Vaults:2 | Reached skill level 5 in Armour
 47533 | Vaults:2 | Acquired a +4 quick blade
 48375 | Vaults:2 | Reached XP level 19. HP: 59/112 MP: 13/33
 49071 | Vaults:2 | Reached skill level 5 in Throwing
 49282 | Vaults:2 | Found Rewet's Distillery.
 49298 | Vaults:2 | Bought 2 potions of might for 104 gold pieces
 49298 | Vaults:2 | Bought a potion of cancellation for 104 gold pieces
 50019 | Vaults:3 | Noticed a lich
 50021 | Vaults:3 | Killed a lich
 50524 | Vaults:3 | Reached XP level 20. HP: 117/117 MP: 29/34
 50754 | Vaults:3 | Found a staircase to the Crypt.
 53393 | Vaults:4 | Reached skill level 10 in Throwing
 54061 | Vaults:4 | Reached XP level 21. HP: 122/122 MP: 35/35
 55767 | Depths:1 | Entered Level 1 of the Depths
 57152 | Depths:1 | Found a gateway to a ziggurat.
 57235 | Depths:1 | Found a one-way gate to the infinite horrors of the Abyss.
 57280 | Depths:1 | Found a gateway to Hell.
 57455 | Depths:1 | Cast into level 2 of the Abyss (a wizard)
 58055 | Abyss:2  | Found a stormy altar of Qazlal.
 58693 | Depths:1 | Escaped the Abyss
 59257 | Depths:2 | Reached skill level 15 in Short Blades
 59394 | Depths:2 | Reached skill level 15 in Hexes
 59433 | Depths:2 | Found Udairruc's Gadget Emporium.
 59433 | Depths:2 | Found Unacumer's Gadget Emporium.
 59434 | Depths:2 | Found Aqiwe's Jewellery Boutique.
 60422 | Depths:2 | Reached XP level 22. HP: 127/127 MP: 37/37
 61251 | Depths:3 | Found the +0 pair of fencer's gloves {Riposte Dex+3}
 61325 | Depths:3 | Found a one-way gate leading to the halls of Pandemonium.
 62332 | Depths:3 | Found a runed door.
 62451 | Depths:3 | Noticed an ancient lich
 62453 | Depths:3 | Killed an ancient lich
 62476 | Depths:3 | Got a scorched hat
 62486 | Depths:3 | Noticed an ancient lich
 62488 | Depths:3 | Killed an ancient lich
 62507 | Depths:3 | Acquired the +7 rapier of the Philosopher {vorpal, rC+
                  | Int+10}
 62510 | Depths:3 | Acquired 380 gold pieces
 62526 | Depths:3 | Identified the +1 hat of the Stone Wall {Rampage rN+ Str+5}
                  | (You found it on level 3 of the Depths)
 62964 | Depths:2 | Reached XP level 23. HP: 101/132 MP: 32/39
 62969 | Depths:2 | Reached skill level 10 in Armour
 64156 | Depths:2 | Got a spiked scale mail
 64168 | Depths:2 | Identified the cursed +0 scale mail of the Pleiades {rElec
                  | rPois} (You found it on level 2 of the Depths)
 64428 | Elf:1    | Entered Level 1 of the Elven Halls
 64515 | Elf:1    | Found Ijohek's Jewellery Shoppe.
 65097 | Elf:1    | Identified the Volume of Supportive Battle Magic
 65235 | Elf:1    | Found Osutihia's General Store.
 65240 | Elf:1    | Bought a +0 pair of gloves of dexterity for 207 gold pieces
 66030 | Elf:2    | Found Suapnali's Gadget Boutique.
 66244 | Elf:2    | Found a portal to a secret trove of treasure.
 66353 | Elf:2    | Found a runed translucent gate.
 66353 | Elf:2    | Found a runed translucent gate.
 66353 | Elf:2    | Found a runed translucent gate.
 66569 | Elf:2    | Gained mutation: You possess an exceptional clarity of
                  | mind. [mutagenic glow]
 66875 | Elf:3    | Entered Level 3 of the Elven Halls
 66951 | Elf:3    | Found Coxudido's Weapon Shop.
 66974 | Elf:3    | Found Depyiss's Antique Weapon Shoppe.
 67316 | Elf:3    | Found Witwead's Book Shop.
 67638 | Elf:3    | Identified the +9 scythe of Ymoutipn {flame, *Contam rC+++
                  | Int+4}
 67671 | Elf:3    | Reached XP level 24. HP: 139/139 MP: 39/39
 67853 | Elf:3    | Identified the Grimoire of Changing and Ice
 67859 | Elf:3    | Learned a level 3 spell: Ozocubu's Armour
 67880 | Elf:3    | Identified the +5 dagger of Perversion {drain, rF+ Str-4
                  | Dex+4} (You found it on level 3 of the Elven Halls)
 67883 | Elf:3    | Identified the amulet of Ehuichas {rPois rN+ Regen+ Stlth+}
                  | (You found it on level 3 of the Elven Halls)
 68237 | Elf:2    | Bought a wand of acid (9) for 390 gold pieces
 68597 | Depths:2 | Bought the amulet "Kyuskeb" {Reflect rElec Will- Dex-2
                  | Slay+5 SH+5} for 622 gold pieces
 68958 | Snake:1  | Entered Level 1 of the Snake Pit
 69466 | Snake:1  | You fall into a shaft and drop 1 floor!
 69767 | Snake:2  | Found a runed translucent gate.
 69768 | Snake:2  | Found a runed translucent gate.
 69769 | Snake:2  | Found a runed translucent gate.
 69769 | Snake:2  | Noticed Eppall's ghost (adept TrFi)
 70757 | Snake:2  | Killed Eppall's ghost
 72195 | Snake:3  | Found Neall's Distillery.
 72195 | Snake:3  | Noticed Aizul
 72196 | Snake:3  | Found Xunysul's Jewellery Shoppe.
 72197 | Snake:3  | Killed Aizul
 72199 | Snake:3  | Found Forrir's Magic Scroll Emporium.
 72201 | Snake:3  | Found Teheqapn's Jewellery Shoppe.
 72218 | Snake:3  | Bought a potion of heal wounds for 60 gold pieces
 72218 | Snake:3  | Bought a potion of cancellation for 96 gold pieces
 73238 | Snake:4  | Entered Level 4 of the Snake Pit
 73331 | Snake:4  | Noticed Saint Roka
 73340 | Snake:4  | Noticed Bai Suzhen
 73349 | Snake:4  | Killed Saint Roka
 73674 | Snake:4  | Killed Bai Suzhen
 73675 | Snake:4  | Reached XP level 25. HP: 147/147 MP: 27/39
 74672 | Snake:4  | Got a serpentine rune of Zot
 74974 | Snake:4  | Acquired quicksilver dragon scales
 75908 | Depths:4 | Acquired a book of Misfortune
 75916 | Depths:4 | Learned a level 5 spell: Yara's Violent Unravelling
 76072 | Depths:4 | Noticed a caustic shrike
 76076 | Depths:4 | Killed a caustic shrike
 76155 | Depths:4 | Got a smoking leather armour
 76165 | Depths:4 | Identified the cursed +1 leather armour "Bywibire" {rN++
                  | Str+2} (You found it on level 4 of the Depths)
 76329 | Depths:4 | Found Watoedgh's Antique Armour Emporium.
 76953 | Hell     | Entered the Vestibule of Hell
 77013 | Depths:5 | Entered Level 5 of the Depths
 77086 | Depths:5 | Noticed a juggernaut
 77088 | Depths:5 | Killed a juggernaut
 77149 | Depths:5 | Reached XP level 26. HP: 156/156 MP: 39/39
 77152 | Depths:5 | Found a shimmering blue altar of Sif Muna.
 77185 | Depths:5 | Got a wavering marble ring
 77186 | Depths:5 | Identified the ring "Runwaps" {rC+ AC+4 Str+2} (You found
                  | it on level 5 of the Depths)
 77271 | Depths:5 | Found a hazy altar of Hepliaklqana.
 77343 | Depths:5 | Got a coiled jade ring
 77344 | Depths:5 | Identified the ring of Tuirol {Wiz *Corrode rF+ Will+
                  | Dex+5} (You found it on level 5 of the Depths)
 77594 | Depths:5 | Found a shimmering altar of Xom.
 77668 | Depths:5 | Identified the ring "Sasoic" {*Tele rN+} (You found it on
                  | level 5 of the Depths)
 77703 | Depths:5 | Noticed an ancient lich
 77709 | Depths:5 | Killed an ancient lich
 77744 | Depths:5 | Noticed a juggernaut
 77753 | Depths:5 | Killed a juggernaut
 77789 | Depths:5 | Found a transporter.
 77909 | Depths:5 | Reached skill level 15 in Dodging
 78036 | Depths:5 | Found a gate to the Realm of Zot.
 78084 | Depths:5 | Noticed a juggernaut
 78088 | Depths:5 | Killed a juggernaut
 78380 | Depths:5 | Found a transporter.
 79114 | Vaults:5 | Entered Level 5 of the Vaults
 79513 | Vaults:4 | Reached XP level 27. HP: 160/163 MP: 31/39
 80177 | Vaults:5 | Identified the +8 triple crossbow "Meat Zunu" {elec, Dex+4
                  | Stlth+}
 80656 | Vaults:5 | Reached skill level 15 in Fighting
 80670 | Vaults:5 | Got a slimy platinum ring
 80671 | Vaults:5 | Identified the ring "Tuibuol" {Wiz Dex+4} (You found it on
                  | level 5 of the Vaults)
 81110 | Vaults:5 | Identified Sismysho's Reference Book on Doomed Creation
 81141 | Vaults:5 | Identified the +1 ring mail "Xaikijoa" {Str+3} (You found
                  | it on level 5 of the Vaults)
 81169 | Vaults:5 | Identified the +8 plate armour "Areubieq" {Harm Str-5 Int+2
                  | Dex+4}
 81551 | Vaults:5 | Got a silver rune of Zot
 82847 | Depths:1 | Voluntarily entered the Abyss.
 82890 | Abyss:1  | Found a viscous altar of Jiyva.
 83554 | Abyss:3  | Found a corrupted altar of Lugonu.
 84424 | Abyss:3  | Reached skill level 15 in Throwing
 84993 | Abyss:3  | Found a corrupted altar of Lugonu.
 85506 | Abyss:3  | Noticed an ancient lich
 85508 | Abyss:3  | Killed an ancient lich
 85712 | Depths:1 | Escaped the Abyss
 85727 | Depths:1 | Voluntarily entered the Abyss.
 85829 | Abyss:1  | Noticed an ancient lich
 85837 | Abyss:1  | Killed an ancient lich
 85958 | Depths:1 | Escaped the Abyss
 85960 | Depths:1 | Voluntarily entered the Abyss.
 86078 | Abyss:1  | Found a corrupted altar of Lugonu.
 86715 | Abyss:3  | Identified the +0 robe of Amni {rElec Str+3 SInv} (You
                  | found it on level 3 of the Abyss)
 87048 | Abyss:3  | Paralysed by accursed screaming for 1 turns
 87058 | Abyss:3  | Paralysed by accursed screaming for 1 turns
 87069 | Abyss:3  | Got an abyssal rune of Zot
 87120 | Depths:1 | Escaped the Abyss
 87472 | Orc:2    | Bought an uncursed amulet of the acrobat for 510 gold
                  | pieces
 87472 | Orc:2    | Bought an uncursed ring of positive energy for 340 gold
                  | pieces
 88022 | Orc:2    | Bought an uncursed amulet of faith for 680 gold pieces
 88114 | Elf:2    | You showed the abyssal rune of Zot to enter a treasure
                  | trove
 88115 | Trove    | Entered a treasure trove
 88492 | Slime:1  | Entered Level 1 of the Pits of Slime
 89841 | Slime:3  | Noticed Dissolution
 89843 | Slime:3  | Killed Dissolution
 89871 | Slime:2  | Found a corrupted altar of Lugonu.
 90321 | Slime:5  | Entered Level 5 of the Pits of Slime
 91514 | Slime:5  | Gained mutation: Your body sometimes deteriorates upon
                  | taking damage. [a shining eye]
 91542 | Slime:5  | Found a viscous altar of Jiyva.
 91543 | Slime:5  | Noticed the Royal Jelly
 91549 | Slime:5  | Killed the Royal Jelly
 91677 | Slime:5  | Identified Kikubaaqudgha's Catalogue of Darkness
 91680 | Slime:5  | Got a slimy rune of Zot
 91764 | Slime:5  | Identified the Grimoire of Dusty Dislocation
 91779 | Slime:5  | Reached skill level 10 in Evocations
 91811 | Slime:5  | Identified the Handbook of the Three Demons
 91852 | Slime:5  | Identified the +1 pair of gloves "Qayj" {Str+3 Dex+3} (You
                  | found it on level 5 of the Pits of Slime)
 92702 | Zot:1    | Entered Level 1 of the Realm of Zot
 93190 | Zot:1    | Identified the +1 ring mail of the Gardener {Rampage *Drain
                  | Dex+5} (You found it on level 1 of the Realm of Zot)
 94001 | Zot:2    | Noticed an orb of fire
 94004 | Zot:2    | Killed an orb of fire
 94625 | Zot:3    | Reached skill level 27 in Stealth
 94801 | Zot:3    | Noticed an orb of fire
 94803 | Zot:3    | Killed an orb of fire
 95355 | Zot:3    | Noticed a shard shrike
 95375 | Zot:3    | Killed a shard shrike
 95440 | Zot:3    | Noticed a shard shrike
 95564 | Zot:3    | Killed a shard shrike
 96484 | Zot:5    | Entered Level 5 of the Realm of Zot
 96702 | Zot:5    | Identified the +1 cloak of Conscience {rCorr MP+9 Int+4}
 96715 | Zot:5    | Found a transporter.
 96716 | Zot:5    | Identified the +4 great sword of Causality {flame, Str+3
                  | Dex+3}
 96785 | Zot:5    | Identified the +1 battleaxe of Buucid {flame, Str-2 Int+2
                  | Dex+4}
 96785 | Zot:5    | Identified the +8 great sword "Ucozux" {antimagic, *Contam
                  | *Rage +Fly rC+++}
 96791 | Zot:5    | Found a transporter.
 96795 | Zot:5    | Identified the +1 cloak of Watchfulness {rC+ Int+2}
 96801 | Zot:5    | Noticed hidenotslide's ghost (legendary NaBe)
 96803 | Zot:5    | Found a bloodstained altar of Trog.
 96829 | Zot:5    | Killed hidenotslide's ghost
 97242 | Zot:5    | Noticed an ancient lich
 97244 | Zot:5    | Killed an ancient lich
 97338 | Zot:5    | Noticed an ancient lich
 97341 | Zot:5    | Killed an ancient lich
 97588 | Zot:5    | Noticed a Killer Klown
 97588 | Zot:5    | Noticed an ancient lich
 97590 | Zot:5    | Killed a Killer Klown
 97591 | Zot:5    | Noticed a Killer Klown
 97592 | Zot:5    | Killed an ancient lich
 97593 | Zot:5    | Noticed an orb of fire
 97594 | Zot:5    | Killed a Killer Klown
 97596 | Zot:5    | Killed an orb of fire
 97697 | Zot:5    | Gained mutation: Your magical capacity is low. (-10% MP)
                  | [mutagenic glow]
 97988 | Zot:5    | Reached skill level 27 in Short Blades
 98255 | Zot:5    | Noticed an orb of fire
 98255 | Zot:5    | Noticed a Killer Klown
 98255 | Zot:5    | Noticed an ancient lich
 98256 | Zot:5    | Noticed an orb of fire
 98256 | Zot:5    | Noticed an orb of fire
 98257 | Zot:5    | Noticed a Killer Klown
 98257 | Zot:5    | Noticed a Killer Klown
 98258 | Zot:5    | Killed an orb of fire
 98259 | Zot:5    | Killed a Killer Klown
 98260 | Zot:5    | Killed a Killer Klown
 98288 | Zot:5    | Gained mutation: You are frail. (-10% HP) [an orb of fire]
 98303 | Zot:5    | Killed an orb of fire
 98468 | Zot:5    | Noticed an ancient lich
 98469 | Zot:5    | Killed an ancient lich
 98470 | Zot:5    | Killed an orb of fire
 98471 | Zot:5    | Killed an ancient lich
 98661 | Zot:5    | Killed a Killer Klown
 98807 | Zot:5    | Noticed an ancient lich
 99001 | Zot:5    | Killed an ancient lich
102063 | Zot:5    | Got the Orb of Zot
102406 | D:13     | Noticed Bicuq the pandemonium lord
102471 | D:8      | Noticed Fashrice the pandemonium lord
102684 | D:$      | Escaped with the Orb!

Illustrated notes

Levels and vault maps discovered:
D:1:      dpeg_arrival_water_temple_mockup, layout_basic
D:2:      layout_basic, tgw_xom, marbit_many_paths,
          nicolae_overflow_hidden_temple, minmay_split_cup_small, uniq_jessica,
          uniq_terence, uniq_crazy_yiuf_cottage
D:3:      layout_loops_corners, lemuel_crystal_altar,
          lemuel_zombie_altar_yredelemnul
D:4:      layout_loops_corners, serial_shops, shop, uniq_natasha
D:5:      layout_loops_ring, serial_shops, nicolae_shop_stone, basic_altar,
          kennysheep_cross_room, uniq_pikel
D:6:      layout_basic, temple_green, enter_ossuary_1, uniq_eustachio,
          uniq_edmund
D:7:      layout_cave_pods, general_overflow_altar, grunt_temple_overflow_open,
          zin_academy, lemuel_crystal_altar, serial_rivers,
          chequers_serial_rivers_micro_c, chequers_serial_rivers_micro_c,
          chequers_serial_rivers_micro_c, chequers_serial_rivers_marsh,
          chequers_serial_rivers_marsh, chequers_serial_rivers_micro_a,
          kennysheep_opposing_triangles
D:8:      layout_loops_ring, serial_shops, kennysheep_little_box
D:9:      minmay_the_grid_3x3 [minmay_the_grid_plusring, minmay_the_grid_x,
          minmay_the_grid_empty, minmay_the_grid_minigrid_small,
          minmay_the_grid_garden, minmay_the_grid_expand,
          minmay_the_grid_zigzag_pyramid, minmay_the_grid_fan,
          minmay_the_grid_prize_big_room], layout_basic, david_lair_shrubbed
D:10:     layout_rooms, grunt_ministairs_9, uniq_erica
D:11:     minmay_spotlight, layout_cross, orc_0_dummy, cheibriados_altar_1,
          uniq_sonja, uniq_grum
D:12:     layout_basic
D:13:     layout_layer_cave, grunt_ministairs_8
D:14:     layout_irregular_city, skrybe_vaults_entry_preservation,
          grunt_decor_cap, drop_trap, corexii_checkpoint_a, uniq_azrael,
          uniq_kirke
D:15:     hangedman_depths_entry_try_elsewhere_first, layout_cave_pools,
          hangedman_abyss_or_decor_lesser_grid, uniq_roxanne, uniq_louise
Temple:   hc_temple_tempest_star
Lair:1:   layout_loops_ring, minivault_19, chequers_serial_rivers_small_3,
          wad_woods_03
Lair:2:   layout_hall_layers, nicolae_volcano_entry_two_sided,
          lemuel_fruit_fields
Lair:3:   layout_chaotic_city, dummy_snake_entry,
          chequers_serial_rivers_micro_a, serial_bayou_shore_a,
          infiniplex_staircase_pool, lemuel_fruit_tree
Lair:4:   layout_cave_pods, minmay_swamp_entry_worms, pond
Lair:5:   layout_big_grid, minmay_slime_entry_oklob_open, beast_lair_carwin_11
Lair:6:   guppyfry_lair_end_dragon, layout_loops_ring, lemuel_centaur_altar
Swamp:1:  layout_basic_swamp, infiniplex_staircase_pool_2,
          nicolae_swamp_necromancer_hut
Swamp:2:  layout_basic_swamp, evilmike_swamp_ruin_house_2, swamp_pool4,
          uniq_jorgrun
Swamp:3:  layout_basic_swamp, evilmike_swamp_ruin_house_3
Swamp:4:  swamp_pestilence, layout_basic_swamp, uniq_nikola
Snake:1:  layout_grid_maze
Snake:2:  layout_gridlike, ebering_ghost_rock_garden, grunt_ministairs_15,
          nicolae_coiled_stairwell_down
Snake:3:  layout_chambers, special_room, drop_trap, grunt_megastairs_5,
          minmay_shoptagon, uniq_aizul
Snake:4:  snake_pit, layout_cave_town, nrook_guardian_serpent_double,
          uniq_bai_suzhen, uniq_saint_roka
Slime:1:  layout_caves
Slime:2:  layout_caves, amcnicky_altar_lugonu_corruption
Slime:3:  layout_caves, dissolution_awaits
Slime:4:  layout_caves
Slime:5
Orc:1:    layout_caves, kennysheep_orc_chapel
Orc:2:    st_orc_town, layout_diamond_mine, nicolae_orc_sculptors_studio
Elf:1:    layout_geoelf_diagonals, serial_shops, nicolae_shop_crystal,
          minmay_elf_sorcery, minmay_shop_enchanted_jewellery
Elf:2:    layout_geoelf_diagonals, enter_trove_1, serial_shops, shop,
          serial_glass, glass_columns_a, glass_columns_a
Elf:3:    minmay_elf_hall_spiked, layout_loops_ring, serial_shops, shop, shop,
          shop
Vaults:1: v_misc_22, nicolae_vaults_three_branches, ontoclasm_vaults_ring_small,
          hangedman_vaults_restitches, grunt_vaults_diagonal,
          grunt_vaults_twisty, v_misc_17, vaults_dpeg_hooks,
          layout_vaults_chaotic_city, serial_shops, shop_fountains
Vaults:2: nicolae_vaults_little_squares_6, vaults_room_large_hall, v_misc_27,
          v_pattern_2, hangedman_vaults_unwind, nicolae_vaults_rhombus_7,
          hangedman_vaults_stitches, v_misc_16, v_misc_24,
          nicolae_vaults_little_squares_5, vaults_dpeg_diagonal,
          ontoclasm_vaults_chip, layout_vaults_omnicross, serial_shops, shop
Vaults:3: vaults_room_pool, vaults_dpeg_ring, st_lattice,
          nicolae_vaults_ninety_degrees, hangedman_vaults_variations, v_misc_19,
          ontoclasm_vaults_misaligned, grunt_vaults_hallway_short,
          nicolae_vaults_ring_of_whatevers, nicolae_vaults_rhombus_7, v_misc_27,
          layout_vaults_ring
Vaults:4: nicolae_vaults_ring_of_whatevers, v_alt_pattern_3, vaults_room_pools,
          hangedman_vaults_impose, v_rooms_1, vaults_room_fours,
          vaults_mumra_minichess_inversion, nicolae_vaults_network_star,
          hangedman_vaults_impose, ontoclasm_vaults_chip,
          dpeg_vaults_monster_box, layout_vaults_omnigrid
Vaults:5
Depths:1: layout_basic, enter_ziggurat_a, fountainhead, abyss_entry, hell_entry,
          st_stairs_3, nicolae_water_bricks, dk_noncrumbling_2,
          hangedman_abyss_or_decor_clamps, patterned_corridor
Depths:2: minmay_isolated_rectangles_in_corner, layout_twisted_cross,
          hell_entry, hangedman_decor_cross_pass,
          infiniplex_staircase_pillars_3a, minmay_shop_grove
Depths:3: evilmike_wizard_prison, layout_small_grid, hex_tiny,
          rand_demon_pan_entry_4, hell_entry, kennysheep_random_hallway,
          infiniplex_staircase_hallway_doors
Depths:4: evilmike_marble_ring, layout_cave_pools,
          nicolae_abyss_entry_one_way_or_another, serial_shops,
          kennysheep_mini_moat, grunt_mini_vestibule, minmay_misc_feat_x,
          minivault_16, infiniplex_staircase_zigzag_1
Depths:5: hangedman_spin_cycle, hell_entry, serial_shops
Hell
Zot:1:    layout_basic
Zot:2:    layout_gridlike
Zot:3:    minmay_elemental_castle, layout_gridlike
Zot:4:    layout_concentric_octagons
Zot:5:    layout_basic, gammafunk_ghost_wrathful_warriors

Skill      XL: |  1  2  3  4  5  6  7  8  9 10 11 12 13 14 15 16 17 18 19 20 21 22 23 24 25 26 27 |
---------------+----------------------------------------------------------------------------------+-----
Short Blades   | 2 3 4 5 6 8 10 11 12 13 14 15 16 17 19 20 22 27 | 27.0
Ice Magic      | 1 2 4 5 |  5.0
Spellcasting   | 3 4 5 6 7 9 10 11 12 | 12.0
Hexes          | 4 6 8 11 13 14 15 16 | 16.0
Stealth        | 5 6 11 12 13 14 15 16 17 19 20 22 23 27 | 27.0
Conjurations   | 2 3 4 5 |  5.0
Throwing       | 1 4 7 10 12 21 | 21.2
Fighting       | 4 7 9 10 12 13 14 19 | 19.6
Dodging        | 5 8 9 10 11 12 13 14 15 21 | 21.8
Evocations     | 1 5 7 8 14 | 14.4
Translocations | 2 4 6 7 8 |  8.0
Invocations    | 2 6 9 11 12 | 12.0
Shields        | 4 5 |  5.6
Poison Magic   | 1 4 6 8 9 |  9.0
Transmutations | 1 4 6 8 9 |  9.0
Armour         | 1 3 5 6 7 9 10 | 10.0

Action                   |  1- 3 |  4- 6 |  7- 9 | 10-12 | 13-15 | 16-18 | 19-21 | 22-24 | 25-27 || total
-------------------------+-------+-------+-------+-------+-------+-------+-------+-------+-------++-------
Melee: Dagger            |    32 |   171 |   491 |   570 |   844 |  1262 |       |       |       ||  3370
       Quick blade       |       |       |       |       |       |    70 |  1119 |   168 |       ||  1357
       Rapier            |       |       |       |       |       |       |       |   620 |  2202 ||  2822
Throw: Dart              |       |       |       |     3 |     1 |    40 |     4 |    38 |   101 ||   187
       Boomerang         |       |       |       |       |       |    15 |       |       |       ||    15
       Throwing net      |       |       |       |       |       |     1 |       |       |    10 ||    11
 Cast: Corona            |     6 |     9 |       |    11 |       |    17 |       |     1 |     3 ||    47
       Ensorcelled Hiber |       |     6 |     3 |    43 |    77 |    69 |    23 |    13 |    10 ||   244
       Confusing Touch   |       |     6 |    57 |    58 |    70 |   107 |    76 |    54 |   165 ||   593
       Dazzling Flash    |       |       |     9 |    21 |    33 |    44 |    30 |    32 |    42 ||   211
       Tukima's Dance    |       |       |     1 |     9 |       |       |       |       |       ||    10
       Invisibility      |       |       |       |       |    12 |    19 |    19 |    12 |    39 ||   101
       Alistair's Intoxi |       |       |       |       |       |       |       |       |     2 ||     2
Invok: Shadow Step       |       |       |       |     1 |     4 |     1 |     4 |     5 |     8 ||    23
       Shadow Form       |       |       |       |       |       |     1 |       |     2 |     3 ||     6
 Abil: Evoke Flight      |       |       |       |       |     4 |    59 |       |       |     7 ||    70
       Stop Flying       |       |       |       |       |     1 |    14 |       |       |     4 ||    19
Evoke: Wand              |       |       |       |       |     3 |    24 |     1 |     1 |    26 ||    55
       Phial of floods   |       |       |       |       |       |     1 |     1 |     1 |       ||     3
       Condenser vane    |       |       |       |       |       |       |       |       |     2 ||     2
       Box of beasts     |       |       |       |       |       |       |       |       |     1 ||     1
  Use: Scroll            |     4 |     1 |     5 |    13 |    14 |    18 |       |     9 |    41 ||   105
       Potion            |       |       |     2 |     5 |     3 |     7 |     1 |     1 |    19 ||    38
 Stab: Sleeping          |    13 |    32 |    37 |   111 |   168 |   140 |   164 |   194 |   329 ||  1188
       Confused          |       |     6 |    45 |    59 |    70 |   122 |    86 |    53 |   165 ||   606
       Invisible         |       |       |     6 |    22 |    91 |    87 |   122 |    99 |   190 ||   617
       Distracted        |       |       |       |     2 |     3 |     6 |     5 |    11 |    66 ||    93
       Held in net/web   |       |       |       |       |       |       |       |       |     8 ||     8
Armor: Robe              |     3 |    30 |    99 |    72 |     5 |       |       |       |       ||   209
       Steam dragon scal |       |       |       |       |    52 |    53 |    24 |    31 |     9 ||   169
       Leather armour    |       |       |       |       |     6 |       |       |       |       ||     6
       Ring mail         |       |       |       |       |       |   131 |    24 |    20 |   151 ||   326
       Quicksilver drago |       |       |       |       |       |       |       |       |    82 ||    82
Dodge: Dodged            |    15 |    94 |   308 |   279 |   560 |   613 |   302 |   270 |  1176 ||  3617
Block: Other             |       |       |       |       |    24 |    88 |       |       |       ||   112
       Reflection        |       |       |       |       |     1 |    13 |    10 |    21 |    29 ||    74
       Buckler           |       |       |       |       |       |   304 |   231 |   208 |   977 ||  1720
       Rpst.: Rapier     |       |       |       |       |       |       |       |    48 |   207 ||   255
       Quick blade       |       |       |       |       |       |       |       |     3 |       ||     3

Table legend: (Time is in decaauts)
 A = Elapsed time spent in this place.
 B = Non-inter-level travel time spent in this place.
 C = Inter-level travel time spent in this place.
 D = Time resting spent in this place.
 E = Time spent auto-exploring this place.
 F = Levels seen in this place.
 G = Mean time per level.
                   A        B        C        D        E       F      G
               +--------+--------+--------+--------+--------+-----+--------+
         Total |  99094 |  86327 |  12767 |  14934 |  28015 |  68 | 1457.3 |
       Dungeon |  29056 |  23100 |   5956 |   3708 |   9131 |  15 | 1937.1 |
        Temple |    204 |     13 |    191 |      0 |      0 |   1 |  204.0 |
          Lair |   8659 |   7392 |   1267 |   1242 |   3440 |   6 | 1443.2 |
         Swamp |   7410 |   7180 |    230 |   2891 |   1308 |   4 | 1852.5 |
     Snake Pit |   6344 |   6000 |    344 |    548 |   3384 |   4 | 1586.0 |
    Slime Pits |   2486 |   2369 |    117 |    804 |    210 |   5 |  497.2 |
  Orcish Mines |   3421 |   3053 |    368 |    358 |   1087 |   2 | 1710.5 |
   Elven Halls |   4003 |   3637 |    366 |    206 |   1359 |   3 | 1334.3 |
        Vaults |  12419 |  11320 |   1099 |   1691 |   4581 |   5 | 2483.8 |
        Depths |  10729 |   8418 |   2311 |   1686 |   1917 |   5 | 2145.8 |
          Hell |      6 |      6 |      0 |      0 |      0 |   1 |    6.0 |
           Zot |   8071 |   7555 |    516 |   1261 |   1035 |   5 | 1614.2 |
         Abyss |   5004 |   5004 |      0 |      0 |    502 |   9 |  556.0 |
         Trove |     49 |     49 |      0 |      0 |      0 |   1 |   49.0 |
       Ossuary |    744 |    744 |      0 |    463 |      0 |   1 |  744.0 |
       Volcano |    480 |    480 |      0 |     75 |     60 |   1 |  480.0 |
               +--------+--------+--------+--------+--------+-----+--------+

Top non-repeatable levels by time:
    D:11: 3886 daAuts
     D:9: 3446 daAuts
Vaults:4: 3172 daAuts
   Zot:5: 3008 daAuts
    D:14: 2919 daAuts
Depths:1: 2811 daAuts
 Swamp:4: 2773 daAuts
Vaults:5: 2660 daAuts
Depths:3: 2628 daAuts
 Abyss:3: 2470 daAuts
Depths:2: 2428 daAuts
   Orc:2: 2353 daAuts
    D:13: 2347 daAuts
Vaults:2: 2243 daAuts
Vaults:1: 2197 daAuts
